 Dungeon Crawl Stone Soup version 0.17.0-56-gd8de76c (webtiles) character file.

651 Peloso the Shield-Bearer (level 7, -3/61 HPs)
             Began as a Minotaur Fighter on Dec 6, 2015.
             Was a Follower of Okawaru.
             Slain by a black bear (4 damage)
             ... created by the rage of Trog
             ... on level 5 of the Dungeon.
             The game lasted 00:09:59 (2961 turns).

Peloso the Shield-Bearer (Minotaur Fighter)         Turns: 2961, Time: 00:09:59

Health: -3/61      AC:  8    Str: 26    XL:     7   Next: 28%
Magic:  6/6        EV:  9    Int:  5    God:    Okawaru [*.....]
Gold:   315        SH: 11    Dex: 11    Spells: 0 memorised, 6 levels left

rFire  . . .     SeeInvis .     a - +0 long sword
rCold  . . .     Clarity  +     b - +0 scale mail
rNeg   . . .     SustAt   .     c - +0 shield
rPois  .         Gourm    .     (helmet restricted)
rElec  .         Spirit   .     (no cloak)
rCorr  .         Warding  .     (no gloves)
rMut   .         Stasis   .     y - +0 pair of boots
MR     .....                    j - amulet of clarity
Stlth  ..........               (no ring)
                                h - ring of wizardry

@: mighty, very slightly contaminated, not resistant to hostile enchantments,
extremely unstealthy
A: retaliatory headbutt, horns 2
a: Heroism, Renounce Religion


You were on level 5 of the Dungeon.
You worshipped Okawaru.
Okawaru was aware of your devotion.
You were not hungry.

You visited 1 branch of the dungeon, and saw 5 of its levels.

You collected 315 gold pieces.

Inventory:

Hand Weapons
 a - a +0 long sword (weapon)
 l - the +6 mace of Tuluovas {crush, MR- Int+3 Dex+5}
   (You found it on level 5 of the Dungeon)

   It inflicts extra damage upon your enemies.
   It affects your intelligence (+3).
   It affects your dexterity (+5).
   It affects your resistance to hostile enchantments.
Armour
 b - a +0 scale mail (worn)
 c - a +0 shield (worn)
 y - a +0 pair of boots (worn)
Jewellery
 h - a ring of wizardry (left hand)
 j - an amulet of clarity (around neck)
Wands
 m - a wand of draining (9)
 v - a wand of lightning (10)
 w - a wand of draining (8)
Scrolls
 g - 4 scrolls of amnesia
Potions
 d - 4 potions of might
 f - a potion of haste
 k - a potion of heal wounds
 p - a potion of curing
 q - 2 potions of agility {unknown}
 s - a potion of cure mutation {unknown}
 t - a potion of degeneration {unknown}
 x - 2 potions of poison {unknown}
 z - 2 potions of ambrosia {unknown}
 D - a potion of mutation {unknown}
Books
 E - Sif Muna's Papyrus of Calling
   (You found it on level 4 of the Dungeon)

   Spells                             Type                      Level
   a - Summon Small Mammal            Summoning                    1
 F - Kikubaaqudgha's Grimoire of Unholy Secrets
   (You found it on level 4 of the Dungeon)

   Spells                             Type                      Level
   a - Pain                           Necromancy                   1
 G - Vehumet's Papyrus of Combat Magic
   (You found it on level 4 of the Dungeon)

   Spells                             Type                      Level
   a - Magic Dart                     Conjuration                  1
Comestibles
 e - 5 bread rations
 i - 2 meat rations
 n - 2 slices of pizza
 A - 3 fruits
 B - a beef jerky


   Skills:
 + Level 5.6 Fighting
 + Level 4.4 Long Blades
 + Level 5.8 Armour
 + Level 2.5 Dodging
 + Level 0.8 Stealth
 + Level 6.1 Shields


You had 6 spell levels left.
You didn't know any spells.

Dungeon Overview and Level Annotations

Branches:
Dungeon (5/15)
 Temple: D:4-7

Altars:
Elyvilon
Fedhas
Kikubaaqudgha
Makhleb
Okawaru
Sif Muna
Trog
Vehumet
Zin
The Shining One


Innate Abilities, Weirdness & Mutations

You reflexively headbutt those who attack you in melee.
You have a pair of horns on your head.


Message History

You climb downwards.
You block the black bear's attack.
The black bear claws you but does no damage. x2
There is a stone staircase leading up here.
Unknown command.
Read which item? (? for menu, Esc to quit)
Okay, then.
Drink which item? (? for menu, Esc to quit)
You feel very mighty all of a sudden. The polar bear closely misses you.
The polar bear claws you.
* * * LOW HITPOINT WARNING * * *
You block the polar bear's attack.
The black bear bites you but does no damage.
You block the black bear's attack. x2
The black bear closely misses you. You furiously retaliate!
You headbutt the black bear! The black bear completely misses you.
The black bear closely misses you. The black bear bites you!
* * * LOW HITPOINT WARNING * * *
The black bear claws you.
You die...

*****,..##*,*****###...........
*,,,,,.....,* #...........
*,,,,,(.....########...........
***,,,,,,.....#.....h............
,,,,,,,,,,,...#h######...........
,,,,,,,***###.#.#..# #...........
,,,,,,,* #........# #...........
,,,,,,,* #...hh#.## #...........
******** #....h@.# #...........
.* #....####**#...h....... .#
#....................#, .#
#....#######*******#,*,
.############...,,,,,,,,******,*,
............#h##*******,,,,,,,,,,
............#.# *,,,,,,..#****
............#.# *,,,,,...(*,*,
...)........#.# *,,,,,...,*,*,


You could see a polar bear (berserk) and 3 black bears.

Vanquished Creatures
  Edmund (D:4)
  An ice beast (D:4)
  A centaur (D:5)
  2 ogres
  The ghost of themokujin the Conjurer, an amateur DECj (D:3)
  An orc priest (D:5)
  A hound (D:4)
  3 adders
  A worm (D:4)
  3 giant geckos (D:3)
  6 orcs
  2 giant cockroaches (D:3)
  4 goblins
  5 hobgoblins
  2 quokkas
  7 bats
  2 giant newts (D:3)
  4 jackals
  4 kobolds
  5 rats
56 creatures vanquished.

Notes
Turn   | Place    | Note
--------------------------------------------------------------
     0 | D:1      | Peloso the Minotaur Fighter began the quest for the Orb.
     0 | D:1      | Reached XP level 1. HP: 19/19 MP: 0/0
   417 | D:2      | Reached XP level 2. HP: 27/27 MP: 1/1
   418 | D:2      | Reached skill level 4 in Fighting
   762 | D:2      | Found a faded altar to an unknown god.
   767 | D:2      | Became a worshipper of Trog the Wrathful
   767 | D:2      | Reached * piety under Trog
   768 | D:2      | Fell from the grace of Trog
   984 | D:3      | Reached XP level 3. HP: 33/33 MP: 2/2
  1126 | D:3      | Noticed themokujin's ghost (amateur DECj)
  1144 | D:3      | Killed themokujin's ghost
  1144 | D:3      | Reached XP level 4. HP: 18/41 MP: 3/3
  1461 | D:3      | Found a glowing silver altar of Zin.
  1483 | D:3      | Found a blossoming altar of Fedhas.
  1483 | D:3      | Found a glowing golden altar of the Shining One.
  1483 | D:3      | Found a white marble altar of Elyvilon.
  1484 | D:3      | Found a burning altar of Makhleb.
  1488 | D:3      | Found an iron altar of Okawaru.
  1493 | D:3      | Became a worshipper of Warmaster Okawaru
  1589 | D:3      | Reached skill level 5 in Shields
  1668 | D:3      | Reached XP level 5. HP: 47/47 MP: 4/4
  1924 | D:4      | Noticed Edmund
  1945 | D:4      | Killed Edmund
  1945 | D:4      | Reached skill level 5 in Fighting
  1945 | D:4      | Reached skill level 5 in Armour
  1945 | D:4      | Reached skill level 1 in Dodging
  2026 | D:4      | Reached XP level 6. HP: 50/56 MP: 5/5
  2193 | D:4      | Found a deep blue altar of Sif Muna.
  2195 | D:4      | Found an ancient bone altar of Kikubaaqudgha.
  2195 | D:4      | Found a radiant altar of Vehumet.
  2200 | D:4      | Identified Sif Muna's Papyrus of Calling
  2207 | D:4      | Identified Kikubaaqudgha's Grimoire of Unholy Secrets
  2216 | D:4      | Identified Vehumet's Papyrus of Combat Magic
  2274 | D:4      | Noticed an ogre
  2277 | D:4      | Killed an ogre
  2338 | D:4      | Noticed an ice beast
  2348 | D:4      | Killed an ice beast
  2348 | D:4      | Reached * piety under Okawaru
  2491 | D:5      | Entered Level 5 of the Dungeon
  2571 | D:5      | Reached skill level 6 in Shields
  2571 | D:5      | Reached XP level 7. HP: 27/61 MP: 6/6
  2594 | D:5      | Got an ichor-stained mace
  2595 | D:5      | Identified the +6 mace of Tuluovas {crush, MR- Int+3 Dex+5} (You found it on level 5 of the Dungeon)
  2700 | D:5      | Noticed a polar bear
  2700 | D:5      | Noticed a polar bear
  2700 | D:5      | Noticed a polar bear
  2958 | D:4      | Noticed a polar bear
  2958 | D:4      | Noticed a polar bear
  2958 | D:4      | Noticed a polar bear
  2958 | D:4      | Noticed a polar bear
  2961 | D:5      | HP: 1/61 [black bear[the rage of Trog] (11)]
  2961 | D:5      | Slain by a black bear

Action                   |  1- 3 |  4- 6 |  7- 9 || total
-------------------------+-------+-------+-------++-------
Melee: Long sword        |    67 |    79 |    17 ||   163
Invok: Renounce Religion |     1 |       |       ||     1
  Use: Scroll            |       |     9 |     1 ||    10
       Potion            |       |       |     2 ||     2
  Eat: Chunk             |     1 |     4 |     2 ||     7
